 Dungeon Crawl Stone Soup version 0.31-a0-521-gc7390f8997 (webtiles) character file.

Game seed: 12154152621624729175

1282 mopl the Insei (level 8, -11/54 HPs)
             Began as an Octopode Shapeshifter on Aug 10, 2023.
             Was a Follower of Uskayaw.
             Splashed by a jelly's acid (12 damage)
             ... on level 5 of the Dungeon.
             The game lasted 00:05:14 (4532 turns).

mopl the Insei (Octopode Shapeshifter)              Turns: 4532, Time: 00:05:14

Health: -11/54     AC: -7    Str: 14    XL:     8   Next: 54%
Magic:  9/9        EV: 17    Int: 10    God:    Uskayaw [*.....]
Gold:   103        SH:  7    Dex: 15    Spells: 7/7 levels left

rFire   . .          .
                       - Unarmed
rCold   . . .        v - +0 kite shield
rNeg    . . .        (helmet currently unavailable)
rPois   .            C - amulet of faith {!P}
rElec   .            r - +5 ring of evasion
rCorr   .            (no ring)
SInv    .            (no ring)
Will    .....        (no ring)
Stlth   ++           (no ring)
HPRegen 0.29/turn    (no ring)
MPRegen 0.11/turn    (no ring)
                     (no ring)

%: faith
@: beast-form, corroded
A: beast (slay +3), almost no armour, amphibious, 8 rings, camouflage 1,
gelatinous body 1, (nimble swimmer 1), tentacles
a: Begin Untransformation, Renounce Religion, Stomp


You were on level 5 of the Dungeon.
You worshipped Uskayaw.
Uskayaw was noncommittal.
You were a hulking beast.
You visited 2 branches of the dungeon, and saw 7 of its levels.

You collected 241 gold pieces.
You spent 138 gold pieces at shops.

Inventory:

Missiles
 g - 4 boomerangs
 i - 4 javelins
Armour
 v - a +0 kite shield (worn)
Jewellery
 r - a +5 ring of evasion (left tentacle)
 C - an amulet of faith (around mantle) {!P}
Talismans
 b - a beast talisman (active)
 c - a flux talisman
 t - a beast talisman (active)
Wands
 d - a wand of polymorph (5)
 D - a wand of flame (10)
Scrolls
 e - 2 scrolls of immolation {unknown}
 f - 2 scrolls of blinking
 h - a scroll of vulnerability {unknown}
 j - 3 scrolls of butterflies {unknown}
 k - 4 scrolls of teleportation {unknown}
 l - 2 scrolls of fear
 n - a scroll of amnesia {unknown}
 o - a scroll of enchant weapon {unknown}
 s - a scroll of fog {unknown}
 x - a scroll of poison {unknown}
 y - a scroll of enchant armour {unknown}
 F - a scroll of identify
Potions
 a - a potion of lignification {!q}
 m - 2 potions of magic
 p - a potion of enlightenment
 q - a potion of brilliance
 u - 2 potions of curing {unknown}
 w - 2 potions of ambrosia {unknown}
 z - a potion of attraction {unknown}
 A - a potion of resistance {unknown}
 B - a potion of might {unknown}
 E - a potion of cancellation {unknown}


   Skills:
 + Level 3.9 Fighting
 + Level 4.4 Dodging
 * Level 6.3 Unarmed Combat
 + Level 2.5 Invocations
 * Level 5.5 Shapeshifting


You had 7 spell levels left.
You didn't know any spells.
Your spell library contained the following spells:

 Spells                   Type           Power      Damage    Failure   Level
 Sandblast                Erth           0%         2d4       82%         1
 Passwall                 Tmut/Erth      0%         N/A       91%         2
 Wereblood                Tmut           0%         N/A       91%         2
 Ozocubu's Armour         Ice            0%         N/A       99%         3
 Stone Arrow              Conj/Erth      0%         3d7       99%         3
 Irradiate                Conj/Tmut      0%         3d11      100%        5
 Ozocubu's Refrigeration  Ice            0%         4d7       100%        7


Dungeon Overview and Level Annotations

Branches:
Dungeon (6/15)             Temple (1/1) D:5

Altars:
Ashenzari
Cheibriados
Dithmenos
Fedhas
Hepliaklqana
Kikubaaqudgha
Makhleb
Nemelex Xobeh
Okawaru
Qazlal
Ru
Trog
Uskayaw
Vehumet
Wu Jian
Xom
Yredelemnul
Zin
The Shining One

Shops:
D:1 :   D:2 ?


Innate Abilities, Weirdness & Mutations

You are a hulking beast.
Your limbs bulge with bestial killing power. (Slay +3)
You cannot wear most types of armour.
You are amphibious.
You can wear up to eight rings at the same time.
Your skin changes colour to match your surroundings (Stealth+).
Your rubbery body absorbs attacks. (AC +1, EV +1)
((You are camouflaged when in or above water. (Stealth+)))
You have tentacles for arms and can constrict up to eight enemies at once.


Message History

You start resting.
HP restored.
You climb downwards.
You block the gnoll's attack. You block the gnoll sergeant's attack.
The orc priest calls down the wrath of Beogh upon you.
Beogh smites you! The jelly completely misses you. You block the orc's attack.
There is a stone staircase leading up here.
The orc hits you with a +0 whip. The gnoll hits you with a +0 club!
The gnoll sergeant hits you from afar with a +0 spear!
The jelly misses you.
You climb upwards.
There is a stone staircase leading down here.
Unknown command.
You tentacle-slap the jelly.
Your tentacles burn!
The jelly is moderately wounded.
The orc hits you with a +0 whip. The gnoll barely misses you.
The jelly barely misses you.
Unknown command.
You barely miss the jelly.
The jelly is moderately wounded.
The orc completely misses you. The gnoll misses you.
The jelly completely misses you. The orc hits you with a +0 whip.
The gnoll misses you. The jelly closely misses you.
Unknown command.
You tentacle-slap the jelly.
Your tentacles burn!
* * * LOW HITPOINT WARNING * * *
The jelly is moderately wounded.
You block the orc's attack. The gnoll hits you with a +0 club!
* * * LOW HITPOINT WARNING * * *
You block the jelly's attack.
Unknown command.
You bludgeon the jelly! The acid corrodes you!
Your tentacles burn!
* * * LOW HITPOINT WARNING * * *
The jelly is almost dead.
The orc hits you with a +0 whip.
* * * LOW HITPOINT WARNING * * *
The gnoll barely misses you. The jelly hits you.
* * * LOW HITPOINT WARNING * * *
The acid corrodes you!
You are splashed with acid!
You die...

......#.....................#.###
....#..)....................#....
....###.....................#.###
.............##...###.#.#####.#
.............###+## #.#.#######
.............###.####.#....##
..).................#.#.....#
...............g.....(#.....#
.[.##...........h...###.....#
.........#......oJ...##.....#
.........#..................#
...........................####
..............................#
......................(.......#
...................≈≈≈≈≈......#
.................≈≈≈≈≈≈≈≈≈....#
..........###..≈≈≈≈≈≈≈≈≈≈≈≈≈..#


You could see a jelly, a gnoll and an orc.

Vanquished Creatures
  Eustachio (D:4)
  An orc warrior (D:6)
  A black bear (D:6)
  An ice beast (D:5)
  2 centaurs (D:5)
  A scorpion (D:5)
  A howler monkey (D:5)
  A jelly (D:5)
  4 hounds
  2 orc priests
  A sleepcap (D:4)
  Ijyb (D:4)
  An iguana (D:5)
  3 orc wizards
  9 gnolls
  4 adders
  2 ufetubi (D:5)
  2 dart slugs
  13 orcs
  8 bats
  8 endoplasms
  4 giant cockroaches
  8 hobgoblins
  3 jackals (D:3)
  2 quokkas (D:5)
  3 ball pythons
  2 frilled lizards
  8 goblins
  12 kobolds
  6 rats
115 creatures vanquished.

Notes
Turn   | Place    | Note
-------+----------+-------------------------------------------
     0 | D:1      | mopl the Octopode Shapeshifter began the quest for the Orb.
     0 | D:1      | Reached XP level 1. HP: 13/13 MP: 1/1
    71 | D:1      | Reached XP level 2. HP: 18/18 MP: 2/2
   157 | D:1      | Found Folefuruz's Book Shop.
   467 | D:1      | Reached XP level 3. HP: 23/23 MP: 3/3
   712 | D:2      | Found Lomebut's Magic Scroll Shoppe.
   723 | D:2      | Bought a scroll of fear for 48 gold pieces
  1452 | D:3      | Reached XP level 4. HP: 28/28 MP: 4/4
  2062 | D:4      | Noticed Ijyb
  2075 | D:4      | Killed Ijyb
  2076 | D:4      | Reached skill level 2 in Fighting
  2076 | D:4      | Reached skill level 4 in Unarmed Combat
  2076 | D:4      | Reached XP level 5. HP: 8/34 MP: 5/5
  2411 | D:4      | Noticed Eustachio
  2417 | D:4      | Killed Eustachio
  2418 | D:4      | Reached skill level 3 in Dodging
  2418 | D:4      | Reached skill level 4 in Shapeshifting
  2418 | D:4      | Reached XP level 6. HP: 39/41 MP: 6/6
  2494 | D:4      | Found a blossoming altar of Fedhas.
  2495 | D:4      | Found a hazy altar of Hepliaklqana.
  2495 | D:4      | Found an ancient bone altar of Kikubaaqudgha.
  2784 | D:5      | Entered Level 5 of the Dungeon
  2794 | D:5      | Found a staircase to the Ecumenical Temple.
  2809 | D:5      | Reached skill level 5 in Unarmed Combat
  2809 | D:5      | Reached XP level 7. HP: 44/45 MP: 7/7
  2822 | Temple   | Entered the Ecumenical Temple
  2831 | Temple   | Became a worshipper of Uskayaw the Reveller
  2852 | D:5      | Reached * piety under Uskayaw
  2854 | D:5      | Reached ** piety under Uskayaw
  2886 | D:5      | Reached skill level 3 in Fighting
  2990 | D:5      | Reached skill level 1 in Invocations
  3016 | D:5      | Reached *** piety under Uskayaw
  3021 | D:5      | Reached **** piety under Uskayaw
  3067 | D:5      | Reached skill level 5 in Shapeshifting
  3272 | D:5      | Reached skill level 4 in Dodging
  3272 | D:5      | Reached XP level 8. HP: 30/52 MP: 9/9
  3515 | D:5      | Found a glowing golden altar of the Shining One.
  3842 | D:2      | Bought a scroll of blinking for 90 gold pieces
  3949 | D:6      | Reached skill level 2 in Invocations
  4054 | D:6      | Reached skill level 6 in Unarmed Combat
  4246 | D:6      | Reached ***** piety under Uskayaw
  4532 | D:5      | HP: 2/54 [orc/+0 whip (2)]
  4532 | D:5      | Splashed by a jelly's acid

Illustrated notes

Levels and vault maps discovered:
D:1:      dpeg_arrival_stonehenge_12_columns, layout_rooms, serial_forest,
          infiniplex_forest_clump_long, infiniplex_forest_clump_C,
          infiniplex_forest_clump_cross, infiniplex_forest_end_2,
          infiniplex_forest_lined_room_2, infiniplex_forest_zigzag_2,
          serial_shops, nicolae_shop_getting_attention, minmay_misc_feat_five
D:2:      layout_basic, serial_shops, shop, kennysheep_generic_room_5
D:3:      layout_basic, st_stairs_3
D:4:      layout_loops_ring, chequers_temple_overflow_statue_of_worship,
          uniq_ijyb, uniq_eustachio
D:5:      layout_basic, tso_metal_star, temple_pool_b
D:6:      layout_basic, lemuel_crystal_altar, serial_rivers,
          chequers_serial_rivers_micro_a, chequers_serial_rivers_room_b,
          chequers_serial_rivers_micro_a, chequers_serial_rivers_large_a,
          chequers_serial_rivers_small_b, serial_shops, shop,
          grunt_ministairs_5, uniq_duvessa
Temple:   hellmonk_temple_two_chambers

Skill      XL: |  1  2  3  4  5  6  7  8 |
---------------+-------------------------+-----
Fighting       | 2 3 |  3.9
Unarmed Combat | 4 5 6 |  6.3
Dodging        | 3 4 |  4.4
Shapeshifting  | 4 5 |  5.5
Invocations    | 1 2 |  2.5

Action                     |  1- 3 |  4- 6 |  7- 9 || total
---------------------------+-------+-------+-------++-------
  Melee: Unarmed           |    76 |    81 |   104 ||   261
         Constrict         |    14 |    22 |    28 ||    64
         Tentacles         |     3 |    25 |    30 ||    58
         Punch             |       |     1 |     6 ||     7
    Use: Scroll            |     2 |     3 |       ||     5
   Stab: Sleeping          |     6 |     4 |     4 ||    14
         Paralysed         |       |       |     9 ||     9
 Armour: Skin              |     6 |     2 |     2 ||    10
  Dodge: Dodged            |    36 |    43 |    99 ||   178
  Block: Kite shield       |       |     6 |    52 ||    58

Table legend: (Time is in decaauts)
 A = Elapsed time spent in this place.
 B = Non-inter-level travel time spent in this place.
 C = Inter-level travel time spent in this place.
 D = Time resting spent in this place.
 E = Time spent auto-exploring this place.
 F = Levels seen in this place.
 G = Mean time per level.
                   A        B        C        D        E       F      G
               +--------+--------+--------+--------+--------+-----+--------+
         Total |   4535 |   4104 |    431 |    679 |   2693 |   7 |  647.9 |
       Dungeon |   4516 |   4095 |    421 |    679 |   2693 |   6 |  752.7 |
        Temple |     18 |      9 |      9 |      0 |      0 |   1 |   18.0 |
               +--------+--------+--------+--------+--------+-----+--------+

Top non-repeatable levels by time:
     D:5: 1077 daAuts
     D:4: 918 daAuts
     D:2: 880 daAuts
     D:3: 649 daAuts
     D:1: 505 daAuts
     D:6: 485 daAuts
  Temple: 18 daAuts
